 Dungeon Crawl Stone Soup version 0.18.1-48-g4cf74bf (webtiles) character file.

19 Laphicet the Digger (level 2, 0/22 HPs)
             Began as a Draconian Earth Elementalist on Sept 7, 2016.
             Slain by a goblin (2 damage)
             ... on level 1 of the Dungeon.
             The game lasted 00:02:44 (1039 turns).

Laphicet the Digger (Draconian Earth Elementalist)  Turns: 1039, Time: 00:02:45

Health: 0/22       AC:  4    Str:  9 (10) XL:     2   Next: 55%
Magic:  5/5        EV: 12    Int: 12 (15) God:
Gold:   0          SH:  0    Dex:  9 (11) Spells: 1 memorised, 4 levels left

rFire  . . .     SeeInvis .     e - -2 short sword (curse)
rCold  . . .     Gourm    .     (armour unavailable)
rNeg   . . .     Faith    .     (no shield)
rPois  .         Spirit   .     (helmet restricted)
rElec  .         Dismiss  .     (no cloak)
rCorr  .         Reflect  .     (no gloves)
SustAt .         Harm     .     (no boots)
MR     .....                    (no amulet)
Stlth  ++........               (no ring)
                                (no ring)

@: not resistant to hostile enchantments, unstealthy
A: unfitting armour, cold-blooded, AC +4
a: no special abilities


You were on level 1 of the Dungeon.
You were hungry.

You visited 1 branch of the dungeon, and saw 2 of its levels.

Inventory:

Hand Weapons
 e - a cursed -2 short sword (weapon)
Missiles
 a - 38 stones (quivered)
Scrolls
 f - a scroll of remove curse {unknown}
 g - a scroll of identify {unknown}
Books
 b - a book of Geomancy

   Spells                             Type                      Level
   a - Sandblast                      Earth                        1
   b - Passwall                       Transmutation/Earth          2
   c - Stone Arrow                    Conjuration/Earth            3
   d - Petrify                        Transmutation/Earth          4
   e - Lee's Rapid Deconstruction     Earth                        5
Comestibles
 c - a bread ration
 d - a slice of pizza


   Skills:
 + Level 0.7 Fighting
 + Level 2.0 Dodging
 + Level 2.0 Stealth
 + Level 2.2 Spellcasting
   Level 1.0 Transmutations
 + Level 3.2 Earth Magic


You had 4 spell levels left.
You knew the following spells:

 Your Spells              Type           Power        Failure   Level  Hunger
a - Sandblast             Erth           #.....       10%         1    ##.....


Dungeon Overview and Level Annotations

Branches:
Dungeon (2/15)

Altars:


Innate Abilities, Weirdness & Mutations

Your plain brown scales are hard (AC +4).
Your body does not fit into most forms of armour.
You are cold-blooded and may be slowed by cold attacks.


Message History

* * * LOW HITPOINT WARNING * * *
A hobgoblin comes into view. It is wielding a club.
The bat hits you.
* * * LOW HITPOINT WARNING * * *
The bat closely misses you. The goblin closely misses you.
The hobgoblin shouts!
The bat barely misses you. The goblin misses you.
You see here a scroll labeled FIYNTE LIT.
f - a scroll labeled FIYNTE LIT The bat completely misses you.
The bat hits you but does no damage. The goblin hits you but does no damage.
The bat barely misses you. The hobgoblin misses you. The bat barely misses you.
The bat closely misses you. The hobgoblin misses you.
The goblin closely misses you.
You see here a scroll labeled NAUNISS DOJO.
g - a scroll labeled NAUNISS DOJO The bat hits you but does no damage.
The kobold hits you with a short sword.
* * * LOW HITPOINT WARNING * * *
The bat hits you but does no damage. The goblin hits you.
You die...

........... .......
#..........
.......+######..........
........................
#.......................
...................###..
.....................###
........................
......g@gg..............
.......bK.g.r...........
......................##
.........##...........+
.........##...........#
.........##..........##
.........##..........#
.........##........
.........# .......


You could see 3 hobgoblins, a goblin, a bat, a kobold and a rat.

Vanquished Creatures
  A dart slug (D:2)
  2 giant cockroaches (D:2)
  2 goblins
  A hobgoblin (D:1)
  3 kobolds
  2 quokkas (D:2)
  A bat (D:2)
  A giant newt (D:2)
  4 rats
17 creatures vanquished.

Notes
Turn   | Place    | Note
--------------------------------------------------------------
     0 | D:1      | Laphicet the Draconian Earth Elementalist began the quest for the Orb.
     0 | D:1      | Reached XP level 1. HP: 14/14 MP: 3/3
    52 | D:1      | You fall through a shaft!
   480 | D:2      | Reached XP level 2. HP: 17/20 MP: 5/5
  1039 | D:1      | Slain by a goblin

Skill      XL: |  1  2 |
---------------+-------+-----
Dodging        | 2 |  2.0
Stealth        | 2 |  2.0
Fighting       | |  0.7
Spellcasting   | |  2.2
Transmutations | |  1.0
Earth Magic    | |  3.2

Action                   || total
-------------------------++-------
Melee: Unarmed           ||    53
       Tailslap          ||     7
       Short sword       ||    29
 Cast: Sandblast         ||    10
  Use: Potion            ||     1
 Stab: Sleeping          ||     2
Armor: Skin              ||    47
Dodge: Dodged            ||   104
